General information
- name: BNet
- type: Ladder team game (AT/RT)
- host: Battle.net
- saver: SntaClawsPlus15
map: Highperch
- players: 6
- length: 54:33
- speed: Fast
- version: 1.26 W3XP
- replay type: Public
» download(407 KB)
Players
team 1 (winner)
JesusIsMyWigman (
teal | 111 APM | 6050 actions | 54:33)
4 Archmage
2 Blizzard
2 Brilliance Aura
3 Mountain King
2 Storm Bolt
1 Bash
3 Paladin
2 Holy Light
1 Divine Shield
» actions
| Assign group hotkey | 392 | |
| Basic commands | 63 | |
| Build / train | 164 | |
| Enter build submenu | 172 | |
| Enter hero's abilities submenu | 10 | |
| Give item / drop item | 4 | |
| Remove unit from queue | 3 | |
| Right click | 3128 | |
| Select / deselect | 659 | |
| Select group hotkey | 1051 | |
| Use ability | 404 | |
6050 total
» units
| Peasant | 16 | |
| Dragonhawk Rider | 8 | |
| Sorceress | 1 | |
| Priest | 1 | |
26 total
» upgrades
| Masonry | 3 | |
| Lumber Harvesting | 2 | |
| Magic Sentry | 1 | |
| Swords | 3 | |
| Armor | 3 | |
| Animal War Training | 1 | |
| Sorceress Training | 2 | |
| Priest Training | 1 | |
16 total
» buildings
| Altar of Kings | 1 | |
| Farm | 4 | |
| Lumber Mill | 4 | |
| Scout Tower | 162 | |
| Arcane Tower | 20 | |
| Guard Tower | 73 | |
| Keep | 2 | |
| Arcane Vault | 2 | |
| Castle | 1 | |
| Arcane Sanctum | 1 | |
| Town Hall | 1 | |
| Barracks | 1 | |
| Blacksmith | 2 | |
| Gryphon Aviary | 2 | |
276 total
» build order
00:05 Altar of Kings
00:19 Farm
00:52 Farm
01:09 Lumber Mill
01:24 Farm
01:37 Scout Tower
01:44 Scout Tower
01:48 Scout Tower
01:53 Scout Tower
02:04 Arcane Tower
02:05 Arcane Tower
02:05 Arcane Tower
02:05 Arcane Tower
02:10 Arcane Tower
02:11 Arcane Tower
02:11 Arcane Tower
02:11 Arcane Tower
02:13 Scout Tower
02:16 Scout Tower
02:30 Guard Tower
02:30 Guard Tower
02:37 Guard Tower
02:39 Scout Tower
02:42 Scout Tower
03:16 Guard Tower
03:17 Scout Tower
03:19 Guard Tower
03:20 Scout Tower
03:37 Guard Tower
03:38 Scout Tower
03:43 Scout Tower
03:44 Guard Tower
03:48 Keep
03:48 Keep
03:51 Arcane Vault
03:54 Arcane Vault
04:05 Guard Tower
04:07 Scout Tower
04:12 Guard Tower
04:13 Scout Tower
04:25 Guard Tower
04:26 Scout Tower
04:55 Scout Tower
04:56 Guard Tower
04:58 Guard Tower
05:07 Scout Tower
05:08 Scout Tower
05:11 Scout Tower
05:12 Scout Tower
05:46 Guard Tower
05:48 Guard Tower
06:54 Castle
07:16 Guard Tower
07:23 Scout Tower
07:24 Scout Tower
07:26 Guard Tower
07:31 Scout Tower
07:32 Scout Tower
07:37 Scout Tower
07:39 Scout Tower
07:56 Arcane Sanctum
08:10 Arcane Tower
08:13 Arcane Tower
08:49 Guard Tower
08:53 Scout Tower
09:14 Guard Tower
09:18 Scout Tower
09:59 Guard Tower
10:21 Farm
10:25 Guard Tower
10:27 Scout Tower
10:28 Scout Tower
10:50 Scout Tower
10:52 Scout Tower
10:53 Scout Tower
10:54 Scout Tower
11:05 Guard Tower
11:46 Town Hall
11:55 Guard Tower
11:59 Scout Tower
12:01 Scout Tower
12:02 Scout Tower
12:32 Guard Tower
12:34 Scout Tower
12:37 Arcane Tower
12:37 Arcane Tower
12:38 Arcane Tower
13:17 Guard Tower
13:19 Scout Tower
13:20 Scout Tower
15:20 Guard Tower
15:21 Scout Tower
15:23 Scout Tower
15:43 Scout Tower
15:43 Guard Tower
15:45 Scout Tower
16:07 Guard Tower
16:14 Guard Tower
16:18 Guard Tower
16:22 Scout Tower
16:23 Scout Tower
16:31 Guard Tower
16:33 Scout Tower
16:34 Scout Tower
16:36 Scout Tower
16:36 Scout Tower
16:37 Scout Tower
16:50 Guard Tower
17:02 Scout Tower
17:03 Scout Tower
17:04 Scout Tower
17:33 Guard Tower
17:34 Scout Tower
17:36 Scout Tower
17:37 Scout Tower
17:37 Scout Tower
17:43 Barracks
17:45 Blacksmith
17:45 Gryphon Aviary
18:09 Arcane Tower
18:36 Arcane Tower
18:38 Guard Tower
18:42 Scout Tower
18:42 Scout Tower
18:43 Scout Tower
18:44 Scout Tower
18:45 Scout Tower
18:45 Scout Tower
19:03 Guard Tower
19:05 Scout Tower
19:06 Scout Tower
19:18 Guard Tower
19:23 Scout Tower
19:24 Scout Tower
19:24 Scout Tower
20:45 Guard Tower
20:46 Scout Tower
20:47 Scout Tower
20:48 Scout Tower
21:04 Guard Tower
21:09 Scout Tower
21:10 Scout Tower
21:10 Scout Tower
21:11 Scout Tower
21:29 Guard Tower
21:31 Guard Tower
22:03 Guard Tower
22:05 Guard Tower
22:09 Guard Tower
22:12 Scout Tower
22:13 Scout Tower
22:18 Scout Tower
22:19 Scout Tower
22:20 Scout Tower
22:21 Scout Tower
22:24 Scout Tower
22:33 Scout Tower
22:34 Scout Tower
22:35 Guard Tower
22:41 Scout Tower
22:41 Scout Tower
23:10 Guard Tower
23:11 Scout Tower
23:15 Guard Tower
23:17 Scout Tower
23:35 Guard Tower
23:37 Scout Tower
23:37 Scout Tower
23:50 Scout Tower
23:51 Scout Tower
23:54 Guard Tower
23:56 Scout Tower
23:57 Scout Tower
23:58 Scout Tower
23:59 Scout Tower
24:30 Guard Tower
24:33 Scout Tower
24:39 Blacksmith
24:59 Guard Tower
24:59 Guard Tower
25:07 Scout Tower
25:08 Scout Tower
25:09 Scout Tower
25:10 Scout Tower
25:11 Guard Tower
25:23 Scout Tower
25:34 Scout Tower
25:35 Scout Tower
25:37 Scout Tower
25:48 Scout Tower
25:49 Scout Tower
25:51 Guard Tower
26:16 Guard Tower
26:17 Scout Tower
26:40 Scout Tower
26:40 Guard Tower
27:13 Guard Tower
27:18 Guard Tower
27:39 Gryphon Aviary
28:29 Scout Tower
28:30 Scout Tower
29:30 Guard Tower
29:32 Scout Tower
30:06 Scout Tower
30:08 Scout Tower
30:08 Scout Tower
31:00 Guard Tower
31:30 Guard Tower
36:04 Scout Tower
36:08 Scout Tower
36:08 Scout Tower
36:19 Scout Tower
36:20 Scout Tower
36:21 Scout Tower
36:37 Guard Tower
36:58 Scout Tower
36:59 Scout Tower
37:00 Scout Tower
37:01 Scout Tower
37:02 Scout Tower
37:07 Guard Tower
37:13 Scout Tower
37:14 Scout Tower
37:14 Scout Tower
37:15 Scout Tower
37:34 Guard Tower
37:34 Guard Tower
37:55 Arcane Tower
38:43 Lumber Mill
38:49 Lumber Mill
39:21 Lumber Mill
39:30 Scout Tower
39:31 Scout Tower
39:35 Scout Tower
39:36 Scout Tower
39:38 Scout Tower
39:47 Arcane Tower
39:51 Scout Tower
39:55 Scout Tower
39:57 Scout Tower
39:59 Arcane Tower
40:33 Guard Tower
40:35 Guard Tower
41:32 Scout Tower
41:33 Scout Tower
41:40 Scout Tower
41:41 Scout Tower
41:49 Scout Tower
41:50 Scout Tower
41:56 Scout Tower
41:57 Scout Tower
42:02 Guard Tower
42:05 Scout Tower
42:06 Scout Tower
42:19 Scout Tower
42:20 Scout Tower
42:28 Arcane Tower
42:36 Guard Tower
42:54 Guard Tower
43:24 Guard Tower
43:32 Scout Tower
43:45 Scout Tower
44:06 Scout Tower
44:07 Scout Tower
45:39 Guard Tower
45:51 Guard Tower
45:54 Scout Tower
52:29 Scout Tower
52:40 Scout Tower
52:47 Scout Tower
52:52 Scout Tower
52:57 Guard Tower
53:07 Scout Tower
53:17 Scout Tower
53:21 Guard Tower
» items
| Staff of Sanctuary | 3 | |
| Orb of Lightning | 3 | |
| Boots of Speed | 1 | |
| Scroll of Regeneration | 1 | |
| Lesser Clarity Potion | 1 | |
| Scroll of Town Portal | 1 | |
10 total
PleaseFindAGame (
pink | 86 APM | 4685 actions | 54:33)
4 Warden
2 Shadow Strike
1 Blink
1 Fan of Knives
» actions
| Assign group hotkey | 40 | |
| Basic commands | 24 | |
| Build / train | 102 | |
| ESC pressed | 18 | |
| Enter build submenu | 24 | |
| Enter hero's abilities submenu | 4 | |
| Give item / drop item | 4 | |
| Right click | 3057 | |
| Select / deselect | 527 | |
| Select group hotkey | 526 | |
| Use ability | 359 | |
4685 total
» units
| Wisp | 28 | |
| Druid of the Talon | 12 | |
| Hippogryph | 14 | |
| Dryad | 17 | |
71 total
» upgrades
| Ultravision | 1 | |
| Nature's Blessing | 1 | |
| Well Spring | 1 | |
| Strength of the Wild | 3 | |
| Reinforced Hides | 3 | |
| Druid of the Talon Training | 2 | |
| Mark of the Talon | 1 | |
| Abolish Magic | 1 | |
13 total
» buildings
| Altar of Elders | 1 | |
| Moon Well | 16 | |
| Tree of Ages | 2 | |
| Ancient of Wonders | 1 | |
| Tree of Eternity | 1 | |
| Hunter's Hall | 1 | |
| Tree of Life | 1 | |
| Ancient of Wind | 2 | |
| Ancient of Lore | 2 | |
27 total
» build order
00:05 Altar of Elders
00:29 Moon Well
01:28 Moon Well
04:00 Moon Well
05:03 Tree of Ages
05:12 Ancient of Wonders
07:42 Tree of Eternity
07:45 Moon Well
07:46 Moon Well
07:51 Hunter's Hall
07:55 Tree of Life
10:33 Ancient of Wind
10:40 Moon Well
10:41 Moon Well
10:42 Moon Well
19:01 Ancient of Lore
24:16 Ancient of Lore
25:33 Ancient of Wind
29:38 Moon Well
29:40 Moon Well
29:40 Moon Well
33:18 Moon Well
35:20 Moon Well
41:47 Moon Well
41:54 Moon Well
42:07 Moon Well
42:19 Tree of Ages
» items
| Staff of Teleportation | 1 | |
| Boots of Speed | 1 | |
| Potion of Healing | 1 | |
| Orb of Venom | 1 | |
| Lesser Clarity Potion | 1 | |
| Healing Salve | 1 | |
| Tiny Great Hall | 1 | |
| Mechanical Critter | 2 | |
| Periapt of Vitality | 1 | |
10 total
SntaClawsPlus15 (
green | 106 APM | 5761 actions | 54:33)
4 Blademaster
2 Wind Walk
2 Critical Strike
3 Shadow Hunter
2 Hex
1 Healing Wave
» actions
| Assign group hotkey | 25 | |
| Basic commands | 67 | |
| Build / train | 92 | |
| Enter build submenu | 38 | |
| Enter hero's abilities submenu | 8 | |
| Give item / drop item | 6 | |
| Right click | 4225 | |
| Select / deselect | 756 | |
| Select group hotkey | 312 | |
| Use ability | 232 | |
5761 total
» units
| Peon | 11 | |
| Wind Rider | 5 | |
| Kodo Beast | 4 | |
| Spirit Walker | 4 | |
| Troll Batrider | 14 | |
| Shaman | 1 | |
| Troll Witch Doctor | 1 | |
| Raider | 2 | |
42 total
» upgrades
| Liquid Fire | 1 | |
| Ranged Weapons | 3 | |
| Armor | 3 | |
| Envenomed Spears | 1 | |
| Reinforced Defenses | 1 | |
| Ensnare | 1 | |
| Shaman Training | 2 | |
| Witch Doctor Training | 1 | |
| Spirit Walker Training | 1 | |
| War Drums Damage Increase | 1 | |
15 total
» buildings
| Altar of Storms | 1 | |
| Orc Burrow | 13 | |
| War Mill | 1 | |
| Voodoo Lounge | 2 | |
| Stronghold | 4 | |
| Beastiary | 5 | |
| Spirit Lodge | 1 | |
| Fortress | 1 | |
| Watch Tower | 3 | |
31 total
» build order
00:10 Altar of Storms
00:18 Orc Burrow
00:37 War Mill
01:10 Voodoo Lounge
02:02 Voodoo Lounge
02:41 Stronghold
02:41 Stronghold
02:41 Stronghold
02:42 Stronghold
03:19 Orc Burrow
03:20 Orc Burrow
05:10 Beastiary
05:11 Beastiary
05:13 Spirit Lodge
06:00 Fortress
09:09 Watch Tower
09:24 Orc Burrow
10:38 Watch Tower
12:51 Watch Tower
34:07 Orc Burrow
34:25 Beastiary
34:32 Beastiary
34:39 Beastiary
39:00 Orc Burrow
39:49 Orc Burrow
40:17 Orc Burrow
40:28 Orc Burrow
41:32 Orc Burrow
41:46 Orc Burrow
45:29 Orc Burrow
45:51 Orc Burrow
» items
| Healing Salve | 3 | |
| Lesser Clarity Potion | 4 | |
| Boots of Speed | 2 | |
| Staff of Teleportation | 2 | |
| Orb of Lightning | 2 | |
| Mechanical Critter | 2 | |
| Staff of Sanctuary | 2 | |
17 total
team 2 (loser)
Andruccio (
red | 81 APM | 3682 actions | 45:30)
4 Archmage
2 Summon Water Elemental
2 Brilliance Aura
3 Mountain King
2 Storm Bolt
1 Bash
» actions
| Assign group hotkey | 77 | |
| Basic commands | 194 | |
| Build / train | 156 | |
| ESC pressed | 2 | |
| Enter build submenu | 35 | |
| Enter hero's abilities submenu | 9 | |
| Right click | 1364 | |
| Select / deselect | 680 | |
| Select group hotkey | 1031 | |
| Use ability | 134 | |
3682 total
» units
| Peasant | 27 | |
| Footman | 8 | |
| Mortar Team | 21 | |
| Spell Breaker | 12 | |
| Flying Machine | 34 | |
102 total
» upgrades
| Lumber Harvesting | 2 | |
| Magic Sentry | 1 | |
| Gunpowder | 3 | |
| Swords | 2 | |
| Fragmentation Shards | 1 | |
| Masonry | 1 | |
| Plating | 3 | |
| Armor | 3 | |
| Flare | 1 | |
| Control Magic | 1 | |
| Flak Cannons | 1 | |
| Flying Machine Bombs | 1 | |
20 total
» buildings
| Altar of Kings | 1 | |
| Barracks | 2 | |
| Farm | 13 | |
| Scout Tower | 28 | |
| Arcane Tower | 4 | |
| Town Hall | 1 | |
| Lumber Mill | 1 | |
| Keep | 1 | |
| Guard Tower | 9 | |
| Arcane Vault | 1 | |
| Blacksmith | 1 | |
| Arcane Sanctum | 1 | |
| Workshop | 1 | |
| Castle | 1 | |
65 total
» build order
00:07 Altar of Kings
00:11 Barracks
00:16 Barracks
00:20 Farm
00:48 Farm
01:42 Farm
02:30 Scout Tower
03:14 Arcane Tower
04:22 Town Hall
04:28 Scout Tower
04:29 Scout Tower
04:30 Scout Tower
04:31 Scout Tower
04:32 Scout Tower
05:01 Arcane Tower
05:03 Lumber Mill
05:15 Scout Tower
05:16 Scout Tower
05:17 Scout Tower
05:18 Scout Tower
05:26 Scout Tower
05:28 Farm
06:48 Scout Tower
06:50 Scout Tower
06:52 Scout Tower
06:55 Scout Tower
07:14 Keep
07:42 Arcane Tower
07:44 Guard Tower
08:00 Arcane Vault
08:09 Guard Tower
08:39 Scout Tower
08:40 Scout Tower
09:10 Guard Tower
09:39 Guard Tower
09:42 Scout Tower
09:42 Scout Tower
09:44 Scout Tower
09:46 Scout Tower
09:48 Scout Tower
09:49 Scout Tower
10:03 Scout Tower
10:04 Scout Tower
10:06 Scout Tower
10:06 Scout Tower
10:07 Scout Tower
10:55 Blacksmith
11:04 Guard Tower
11:35 Arcane Sanctum
11:57 Guard Tower
12:37 Arcane Tower
12:41 Guard Tower
13:12 Workshop
13:53 Castle
13:57 Guard Tower
14:24 Guard Tower
15:01 Farm
15:02 Farm
15:05 Farm
15:47 Farm
15:48 Farm
15:53 Farm
15:55 Farm
17:13 Farm
17:14 Farm
» items
| Scroll of Regeneration | 1 | |
| Potion of Healing | 3 | |
| Scroll of Town Portal | 1 | |
5 total
Blondsexysucht (
orange | 73 APM | 3971 actions | 54:33)
5 Death Knight
3 Death Coil
2 Unholy Aura
4 Lich
2 Frost Nova
2 Frost Armor
» actions
| Assign group hotkey | 74 | |
| Basic commands | 3 | |
| Build / train | 61 | |
| Enter build submenu | 22 | |
| Enter hero's abilities submenu | 9 | |
| Give item / drop item | 7 | |
| Right click | 2243 | |
| Select / deselect | 392 | |
| Select group hotkey | 1006 | |
| Use ability | 154 | |
3971 total
» units
| Acolyte | 3 | |
| Ghoul | 4 | |
| Crypt Fiend | 7 | |
| Frost Wyrm | 8 | |
22 total
» upgrades
| Creature Attack | 3 | |
| Creature Carapace | 3 | |
| Freezing Breath | 1 | |
| Web | 1 | |
| Burrow | 1 | |
| Ghoul Frenzy | 1 | |
10 total
» buildings
| Graveyard | 1 | |
| Crypt | 1 | |
| Altar of Darkness | 1 | |
| Ziggurat | 9 | |
| Tomb of Relics | 1 | |
| Nerubian Tower | 2 | |
| Halls of the Dead | 1 | |
| Black Citadel | 1 | |
| Sacrificial Pit | 1 | |
| Boneyard | 2 | |
| Spirit Tower | 3 | |
23 total
» build order
00:08 Graveyard
00:10 Crypt
00:59 Altar of Darkness
01:04 Ziggurat
01:33 Tomb of Relics
01:59 Ziggurat
02:38 Nerubian Tower
04:58 Halls of the Dead
05:02 Ziggurat
05:52 Ziggurat
07:56 Black Citadel
09:18 Ziggurat
09:59 Sacrificial Pit
10:55 Boneyard
11:36 Boneyard
12:56 Ziggurat
14:44 Spirit Tower
14:45 Spirit Tower
16:21 Ziggurat
16:22 Ziggurat
17:35 Nerubian Tower
17:36 Spirit Tower
18:38 Ziggurat
» items
| Rod of Necromancy | 1 | |
| Dust of Appearance | 4 | |
| Potion of Healing | 2 | |
| Potion of Mana | 1 | |
| Potion of Lesser Invulnerability | 1 | |
| Scroll of Protection | 1 | |
| Potion of Invisibility | 1 | |
11 total
HOMETOWNTERROR (
yellow | 71 APM | 3891 actions | 54:25)
4 Death Knight
2 Death Coil
2 Unholy Aura
3 Lich
2 Frost Nova
1 Frost Armor
1 Archmage
1 Summon Water Elemental
» actions
| Assign group hotkey | 71 | |
| Basic commands | 34 | |
| Build / train | 150 | |
| Enter build submenu | 22 | |
| Enter hero's abilities submenu | 8 | |
| Give item / drop item | 13 | |
| Remove unit from queue | 3 | |
| Right click | 1175 | |
| Select / deselect | 841 | |
| Select group hotkey | 1292 | |
| Use ability | 282 | |
3891 total
» units
| Acolyte | 16 | |
| Ghoul | 4 | |
| Crypt Fiend | 12 | |
| Obsidian Statue | 9 | |
| Banshee | 7 | |
| Gargoyle | 19 | |
| Flying Machine | 36 | |
103 total
» upgrades
| Creature Attack | 3 | |
| Creature Carapace | 3 | |
| Burrow | 1 | |
| Web | 1 | |
| Destroyer Form | 1 | |
| Banshee Training | 2 | |
| Ghoul Frenzy | 1 | |
12 total
» buildings
| Graveyard | 1 | |
| Crypt | 2 | |
| Altar of Darkness | 1 | |
| Ziggurat | 8 | |
| Tomb of Relics | 1 | |
| Nerubian Tower | 2 | |
| Halls of the Dead | 1 | |
| Black Citadel | 1 | |
| Slaughterhouse | 1 | |
| Sacrificial Pit | 1 | |
| Necropolis | 1 | |
| Spirit Tower | 8 | |
| Temple of the Damned | 1 | |
29 total
» build order
00:22 Graveyard
00:30 Crypt
00:51 Altar of Darkness
01:01 Ziggurat
01:14 Tomb of Relics
02:09 Ziggurat
03:23 Nerubian Tower
04:31 Halls of the Dead
04:55 Ziggurat
07:19 Black Citadel
07:36 Slaughterhouse
07:50 Ziggurat
07:57 Sacrificial Pit
08:44 Necropolis
09:59 Black Citadel
10:08 Ziggurat
10:12 Ziggurat
10:19 Ziggurat
10:28 Spirit Tower
11:05 Nerubian Tower
11:10 Spirit Tower
11:10 Spirit Tower
11:16 Spirit Tower
11:16 Spirit Tower
12:41 Temple of the Damned
13:19 Ziggurat
13:35 Spirit Tower
35:03 Spirit Tower
35:13 Spirit Tower
39:55 Crypt
» items
| Rod of Necromancy | 1 | |
| Dust of Appearance | 2 | |
| Potion of Lesser Invulnerability | 1 | |
| Orb of Corruption | 1 | |
| Scroll of Healing | 2 | |
7 total
Chat log
(00:38 / All) JesusIsMyWigman: 'tag
(00:48 / All) Blondsexysucht: hi
(12:44 / All) SntaClawsPlus15: lol
(26:40 / All) Blondsexysucht: good maphack
(26:44 / All) SntaClawsPlus15: lol
(37:20 / All) JesusIsMyWigman: goldhack much?
(37:25 / All) Andruccio: yes
(37:28 / All) HOMETOWNTERROR: why goldhack?
(37:29 / All) HOMETOWNTERROR: ^^
(37:44 / All) JesusIsMyWigman: ^too many wyrm for 2 base
(37:50 / All) Andruccio: cry
(37:51 / All) HOMETOWNTERROR: i got 4k gold left
(37:55 / All) Andruccio: me 2k
(37:56 / All) HOMETOWNTERROR: didnt break 80 sup
(38:03 / All) PleaseFindAGame: fuck u
(38:06 / All) SntaClawsPlus15: help
(38:06 / All) PleaseFindAGame: hacker of GODL
(38:07 / All) Andruccio: :-*
(38:08 / All) HOMETOWNTERROR: and feedet my ud ally
(38:08 / All) HOMETOWNTERROR: :D
(38:11 / All) HOMETOWNTERROR: feeded*
(39:57 / All) Andruccio: hm
(40:09 / All) JesusIsMyWigman: ^welcome
(45:34 / All) PleaseFindAGame: woops!
(45:41 / All) SntaClawsPlus15: see ya
(45:51 / All) Blondsexysucht: good drop !! gz
(46:00 / All) Blondsexysucht: maphack drophack
(46:06 / All) Blondsexysucht: L2P
(50:27 / All) PleaseFindAGame: unsummon already????
(50:29 / All) PleaseFindAGame: baby give up2 fast
(52:08 / All) PleaseFindAGame: map HACKER
(54:07 / All) PleaseFindAGame: GG
(54:33 / All) SntaClawsPlus15: which hack did we use